TOP OF THE 1ST |
Hagerstown Suns batting - Pitching for Greensboro Grasshoppers : LHP Mike Wasson
|
Pitching: LHP Mike Wasson
|
|
Batting: RHB Bobby Bricker
|
0-0: Ball 1-0: Ball 2-0: Ball 3-0: Base on Balls
|
Batting: LHB Adam Lancaster
|
0-0: Foul Ball, location: 2F 0-1: Foul Ball, location: 2F 0-2: Ball 1-2: Ball 2-2: Foul Ball, location: 2F 2-2: Grounds into double play, 4-6-3 (Groundball, 34, EV 90.6 MPH)
|
Batting: LHB Chris Williams
|
0-0: Called Strike 0-1: Called Strike 0-2: Foul Ball, location: 2F 0-2: Ball 1-2: Foul Ball, location: 2F 1-2: Strikes out swinging
|
Top of the 1st over - 0 runs, 0 hits, 0 errors, 0 left on base; Hagerstown 0 - Greensboro 0 |
BOTTOM OF THE 1ST |
Greensboro Grasshoppers batting - Pitching for Hagerstown Suns : RHP Jimmy Purscell
|
Pitching: RHP Jimmy Purscell
|
|
Batting: RHB Harrie de Kam
|
0-0: SINGLE (Groundball, 56S, EV 70.0 MPH) (infield hit)
|
Batting: RHB Rafael Irizarry
|
0-0: Called Strike Harrie de Kam is caught stealing 2nd base 2-4 0-1: Swinging Strike 0-2: Ball 1-2: Foul Ball, location: 2F 1-2: Ball 2-2: Ball 3-2: Base on Balls
|
Batting: RHB Nate Crofts
|
0-0: Called Strike Rafael Irizarry steals 2nd base 0-1: Foul Ball, location: 2F 0-2: Strikes out swinging, 2-3 out at first.
|
Batting: LHB Ryan Karg
|
0-0: Ball 1-0: Ball 2-0: Foul Ball, location: 2F 2-1: Ground out U3 (Groundball, 3L, EV 85.6 MPH)
|
Bottom of the 1st over - 0 runs, 1 hit, 0 errors, 1 left on base; Hagerstown 0 - Greensboro 0 |
TOP OF THE 2ND |
Hagerstown Suns batting - Pitching for Greensboro Grasshoppers : LHP Mike Wasson
|
Batting: RHB Deshawn Boseman
|
0-0: Foul Ball, location: 2F 0-1: Swinging Strike 0-2: SINGLE (Line Drive, 8LS, EV 91.9 MPH)
|
Batting: RHB Jim Towle
|
0-0: Fielders Choice at 2nd, 3-6 (Groundball, 34, EV 90.0 MPH)
|
Batting: RHB Antonio Vallez
|
0-0: Ball 1-0: Ball 2-0: Swinging Strike 2-1: Foul Ball, location: 2F 2-2: DOUBLE (Line Drive, 7LD, EV 109.4 MPH) Jim Towle to third Runner from 3rd tries for Home, SAFE, no throw by LF
|
Batting: RHB Seth Rutz
|
0-0: Called Strike 0-1: Ball 1-1: Foul Ball, location: 2F 1-2: Foul Ball, location: 2F 1-2: Ball 2-2: Ground out 6-3 (Groundball, 6, EV 76.9 MPH) Antonio Vallez to third
|
Batting: RHB Steve Bauman
|
0-0: Called Strike 0-1: Called Strike 0-2: Foul Ball, location: 2F 0-2: Fly out, F3 (Popup, 23F, EV 82.5 MPH)
|
Top of the 2nd over - 1 run, 2 hits, 0 errors, 1 left on base; Hagerstown 1 - Greensboro 0 |
BOTTOM OF THE 2ND |
Greensboro Grasshoppers batting - Pitching for Hagerstown Suns : RHP Jimmy Purscell
|
Batting: RHB Chris Alft
|
0-0: Ball 1-0: Ball 2-0: Called Strike 2-1: Foul Ball, location: 2F 2-2: Foul Ball, location: 2F 2-2: Ball 3-2: Foul Ball, location: 2F 3-2: Strikes out swinging
|
Batting: LHB Angelo Estrella
|
0-0: Ball 1-0: Ball 2-0: Swinging Strike 2-1: Foul Ball, location: 2F 2-2: Strikes out swinging
|
Batting: LHB Jose Cabello
|
0-0: Called Strike 0-1: SINGLE (Groundball, 34D, EV 84.4 MPH) (infield hit)
|
Batting: RHB Dennis Coppolino
|
0-0: Foul Ball, location: 2F 0-1: Foul Ball, location: 2F 0-2: Ball 1-2: Ball 2-2: Ball 3-2: Foul Ball, location: 2F 3-2: Fly out, F9 (Flyball, 9LSF, EV 83.8 MPH)
|
Bottom of the 2nd over - 0 runs, 1 hit, 0 errors, 1 left on base; Hagerstown 1 - Greensboro 0 |
TOP OF THE 3RD |
Hagerstown Suns batting - Pitching for Greensboro Grasshoppers : LHP Mike Wasson
|
Batting: RHB Joe Young
|
0-0: Swinging Strike 0-1: Foul Ball, location: 2F 0-2: Hit by Pitch
|
Batting: RHB Bobby Bricker
|
0-0: Foul Ball, location: 2F 0-1: Foul Ball, location: 2F 0-2: Ball 1-2: Foul Ball, location: 2F 1-2: SINGLE (Line Drive, 89S, EV 96.9 MPH) Joe Young to second
|
Batting: LHB Adam Lancaster
|
0-0: Called Strike 0-1: Swinging Strike 0-2: Strikes out swinging
|
Batting: LHB Chris Williams
|
0-0: Called Strike 0-1: Ball 1-1: Ball 2-1: Reached on error, E5 (Groundball, 56, EV 91.9 MPH) Joe Young to third Bobby Bricker to second
|
Batting: RHB Deshawn Boseman
|
0-0: Grounds into double play, 4-6-3 (Groundball, 4M, EV 87.5 MPH)
|
Top of the 3rd over - 0 runs, 1 hit, 1 error, 2 left on base; Hagerstown 1 - Greensboro 0 |
BOTTOM OF THE 3RD |
Greensboro Grasshoppers batting - Pitching for Hagerstown Suns : RHP Jimmy Purscell
|
Batting: RHB Nick Dunton
|
0-0: Called Strike 0-1: Called Strike 0-2: Ball 1-2: Strikes out swinging
|
Batting: RHB Harrie de Kam
|
0-0: Called Strike 0-1: Ball 1-1: DOUBLE (Line Drive, 78M, EV 108.1 MPH)
|
Batting: RHB Rafael Irizarry
|
0-0: Fly out, F3 (Popup, 3, EV 68.8 MPH)
|
Batting: RHB Nate Crofts
|
0-0: Called Strike 0-1: Called Strike 0-2: Ball 1-2: Ball 2-2: Ball 3-2: Base on Balls
|
Batting: LHB Ryan Karg
|
0-0: Ball 1-0: Ball 2-0: Ball 3-0: Called Strike 3-1: Foul Ball, location: 2F 3-2: 3-RUN HOME RUN (Flyball, 9LD, EV 96.2 MPH), Distance : 351 ft
|
Batting: RHB Chris Alft
|
0-0: Fly out, F8 (Flyball, 78M, EV 92.5 MPH)
|
Bottom of the 3rd over - 3 runs, 2 hits, 0 errors, 0 left on base; Hagerstown 1 - Greensboro 3 |
TOP OF THE 4TH |
Hagerstown Suns batting - Pitching for Greensboro Grasshoppers : LHP Mike Wasson
|
Batting: RHB Jim Towle
|
0-0: Called Strike 0-1: Called Strike 0-2: Strikes out looking
|
Batting: RHB Antonio Vallez
|
0-0: Foul Ball, location: 2F 0-1: Ball 1-1: SINGLE (Line Drive, 56D, EV 100.0 MPH)
|
Batting: RHB Seth Rutz
|
0-0: Called Strike 0-1: Foul Ball, location: 2F 0-2: Ball 1-2: DOUBLE (Line Drive, 78D, EV 99.4 MPH) Antonio Vallez to third Runner from 3rd tries for Home, SAFE, throw by LF to home
|
Batting: RHB Steve Bauman
|
0-0: Swinging Strike 0-1: Called Strike 0-2: Ball 1-2: 2-RUN HOME RUN (Line Drive, 7LD, EV 96.2 MPH), Distance : 345 ft
|
Batting: RHB Joe Young
|
0-0: Foul Ball, location: 2F 0-1: Called Strike 0-2: Ball 1-2: Ball 2-2: Ball 3-2: Strikes out looking
|
Batting: RHB Bobby Bricker
|
0-0: Foul Ball, location: 2F 0-1: Ball 1-1: Fly out, F8 (Flyball, 8RD, EV 96.9 MPH)
|
Top of the 4th over - 3 runs, 3 hits, 0 errors, 0 left on base; Hagerstown 4 - Greensboro 3 |
BOTTOM OF THE 4TH |
Greensboro Grasshoppers batting - Pitching for Hagerstown Suns : RHP Jimmy Purscell
|
Batting: LHB Angelo Estrella
|
0-0: Called Strike 0-1: Foul Ball, location: 2F 0-2: Strikes out swinging
|
Batting: LHB Jose Cabello
|
0-0: Foul Ball, location: 2F 0-1: SINGLE (Groundball, 56D, EV 96.2 MPH)
|
Batting: RHB Dennis Coppolino
|
0-0: Fielders Choice at 2nd, 1-4 (Groundball, 15S, EV 70.0 MPH)
|
Batting: RHB Nick Dunton
|
0-0: Called Strike 0-1: Ball 1-1: Foul Ball, location: 2F 1-2: Strikes out swinging
|
Bottom of the 4th over - 0 runs, 1 hit, 0 errors, 1 left on base; Hagerstown 4 - Greensboro 3 |
TOP OF THE 5TH |
Hagerstown Suns batting - Pitching for Greensboro Grasshoppers : LHP Mike Wasson
|
Batting: LHB Adam Lancaster
|
0-0: Foul Ball, location: 2F 0-1: SINGLE (Groundball, 56D, EV 100.6 MPH)
|
Batting: LHB Chris Williams
|
0-0: Called Strike 0-1: Ball 1-1: Foul Ball, location: 2F 1-2: Strikes out looking
|
Batting: RHB Deshawn Boseman
|
0-0: Ball 1-0: Foul Ball, location: 2F 1-1: DOUBLE (Line Drive, 7LM, EV 105.6 MPH) Adam Lancaster to third
|
Batting: RHB Jim Towle
|
0-0: 3-RUN HOME RUN (Flyball, 7D, EV 95.0 MPH), Distance : 371 ft
|
Pitching: RHP Joe Lynn
|
|
Batting: RHB Antonio Vallez
|
0-0: Called Strike 0-1: Called Strike 0-2: Ball 1-2: Ball 2-2: Ground out 1-3 (Groundball, 13S, EV 71.9 MPH)
|
Batting: RHB Seth Rutz
|
0-0: Ball 1-0: Ball 2-0: Ball 3-0: Base on Balls
|
Batting: RHB Steve Bauman
|
0-0: Foul Ball, location: 2F 0-1: Ball 1-1: Ball 2-1: Ball 3-1: Called Strike 3-2: Foul Ball, location: 2F 3-2: Ground out 4-3 (Groundball, 4S, EV 75.6 MPH)
|
Top of the 5th over - 3 runs, 3 hits, 0 errors, 1 left on base; Hagerstown 7 - Greensboro 3 |
BOTTOM OF THE 5TH |
Greensboro Grasshoppers batting - Pitching for Hagerstown Suns : RHP Jimmy Purscell
|
Batting: RHB Harrie de Kam
|
0-0: Ball 1-0: Ball 2-0: Called Strike 2-1: SINGLE (Groundball, 6MS, EV 67.5 MPH) (infield hit)
|
Batting: RHB Rafael Irizarry
|
0-0: Swinging Strike 0-1: Ball 1-1: Foul Ball, location: 2F 1-2: Ball 2-2: Strikes out swinging Harrie de Kam is caught stealing 2nd base 2-4 Batter strikes out.
|
Batting: RHB Nate Crofts
|
0-0: Foul Ball, location: 2F 0-1: Swinging Strike 0-2: Strikes out swinging
|
Bottom of the 5th over - 0 runs, 1 hit, 0 errors, 0 left on base; Hagerstown 7 - Greensboro 3 |
TOP OF THE 6TH |
Hagerstown Suns batting - Pitching for Greensboro Grasshoppers : RHP Joe Lynn
|
Batting: RHB Joe Young
|
0-0: Ball 1-0: Ball 2-0: Ball 3-0: Called Strike 3-1: Base on Balls
|
Pitching: RHP Adam Brown
|
|
Batting: RHB Bobby Bricker
|
0-0: Foul Ball, location: 2F 0-1: Ball 1-1: Ball 2-1: Ball 3-1: Foul Ball, location: 2F 3-2: Base on Balls Joe Young to second
|
Batting: LHB Adam Lancaster
|
0-0: Foul Ball, location: 2F 0-1: Ball 1-1: Foul Ball, location: 2F 1-2: Ball 2-2: Strikes out swinging
|
Batting: LHB Chris Williams
|
0-0: Foul Ball, location: 2F 0-1: Ball 1-1: Ball 2-1: SINGLE (Groundball, 34S, EV 67.5 MPH) (infield hit) Joe Young to third Bobby Bricker to second
|
Batting: RHB Deshawn Boseman
|
0-0: Called Strike 0-1: Swinging Strike 0-2: Ball 1-2: Strikes out swinging
|
Pitching: RHP Mike Yorke
|
|
Batting: RHB Jim Towle
|
0-0: Foul Ball, location: 2F 0-1: Foul Ball, location: 2F 0-2: Foul Ball, location: 2F 0-2: GRAND SLAM HOME RUN (Flyball, 9LD, EV 96.2 MPH), Distance : 344 ft
|
Batting: RHB Antonio Vallez
|
0-0: Called Strike 0-1: Swinging Strike 0-2: Ball 1-2: Foul Ball, location: 2F 1-2: Ground out 6-3 (Groundball, 56, EV 105.6 MPH)
|
Top of the 6th over - 4 runs, 2 hits, 0 errors, 0 left on base; Hagerstown 11 - Greensboro 3 |
BOTTOM OF THE 6TH |
Greensboro Grasshoppers batting - Pitching for Hagerstown Suns : RHP Jimmy Purscell
|
Batting: LHB Ryan Karg
|
0-0: Ball 1-0: Ball 2-0: Foul Ball, location: 2F 2-1: Foul Ball, location: 2F 2-2: Hit by Pitch
|
Batting: RHB Chris Alft
|
0-0: Foul Ball, location: 2F 0-1: Swinging Strike 0-2: Ball 1-2: Strikes out swinging
|
Batting: LHB Angelo Estrella
|
0-0: Called Strike 0-1: Foul Ball, location: 2F 0-2: Grounds into double play, 4-6-3 (Groundball, 4, EV 79.4 MPH)
|
Bottom of the 6th over - 0 runs, 0 hits, 0 errors, 0 left on base; Hagerstown 11 - Greensboro 3 |
TOP OF THE 7TH |
Hagerstown Suns batting - Pitching for Greensboro Grasshoppers : RHP Mike Yorke
|
Batting: RHB Seth Rutz
|
0-0: Foul Ball, location: 2F 0-1: Hit by Pitch
|
Batting: RHB Steve Bauman
|
0-0: 2-RUN HOME RUN (Line Drive, 7D, EV 95.0 MPH), Distance : 382 ft
|
Batting: RHB Joe Young
|
0-0: Foul Ball, location: 2F 0-1: Ball 1-1: Ball 2-1: Swinging Strike 2-2: Ball 3-2: Foul Ball, location: 2F 3-2: Base on Balls
|
Pitching: RHP Dan Durand
|
|
Batting: RHB Bobby Bricker
|
0-0: Called Strike 0-1: Called Strike 0-2: Strikes out swinging
|
Batting: LHB Adam Lancaster
|
0-0: Ball 1-0: SINGLE (Line Drive, 34, EV 102.5 MPH) Joe Young to second
|
Batting: LHB Chris Williams
|
0-0: Called Strike 0-1: Ball 1-1: Called Strike 1-2: Strikes out swinging
|
Batting: RHB Deshawn Boseman
|
0-0: Ball 1-0: Ground out 4-3 (Groundball, 13, EV 90.0 MPH)
|
Top of the 7th over - 2 runs, 2 hits, 0 errors, 2 left on base; Hagerstown 13 - Greensboro 3 |
BOTTOM OF THE 7TH |
Greensboro Grasshoppers batting - Pitching for Hagerstown Suns : RHP Jimmy Purscell
|
Batting: LHB Jose Cabello
|
0-0: Ball 1-0: Ball 2-0: Called Strike 2-1: Ball 3-1: Foul Ball, location: 2F 3-2: Fly out, F7 (Flyball, 78S, EV 81.2 MPH)
|
Batting: RHB Dennis Coppolino
|
0-0: Called Strike 0-1: Swinging Strike 0-2: Foul Ball, location: 2F 0-2: Ball 1-2: Foul Ball, location: 2F 1-2: Strikes out swinging
|
Pitching: RHP Gary Simmons
|
|
Batting: RHB Nick Dunton
|
0-0: Called Strike 0-1: Ball 1-1: Ball 2-1: Called Strike 2-2: Strikes out swinging
|
Bottom of the 7th over - 0 runs, 0 hits, 0 errors, 0 left on base; Hagerstown 13 - Greensboro 3 |
TOP OF THE 8TH |
Hagerstown Suns batting - Pitching for Greensboro Grasshoppers : RHP Dan Durand
|
Pinch Hitting: LHB Bobby Adams
|
0-0: TRIPLE (Flyball, 78XD, EV 110.0 MPH)
|
Batting: RHB Antonio Vallez
|
0-0: Called Strike 0-1: Ball 1-1: Foul Ball, location: 2F 1-2: Ground out 6-3 (Groundball, 6, EV 85.0 MPH) Bobby Adams scores
|
Batting: RHB Seth Rutz
|
0-0: Called Strike 0-1: Called Strike 0-2: Strikes out swinging
|
Pitching: RHP Justin Blakely
|
|
Batting: RHB Steve Bauman
|
0-0: Ball 1-0: Called Strike 1-1: Ball 2-1: Swinging Strike 2-2: Ball 3-2: Base on Balls
|
Batting: RHB Joe Young
|
0-0: Ball 1-0: Foul Ball, location: 2F 1-1: Ball 2-1: Foul Ball, location: 2F 2-2: Foul Ball, location: 2F 2-2: Ball 3-2: Strikes out swinging
|
Top of the 8th over - 1 run, 1 hit, 0 errors, 1 left on base; Hagerstown 14 - Greensboro 3 |
BOTTOM OF THE 8TH |
Greensboro Grasshoppers batting - Pitching for Hagerstown Suns : RHP Gary Simmons
|
Now at 2B: Adam Lancaster
|
|
Now at SS: Bobby Adams
|
|
Batting: RHB Harrie de Kam
|
0-0: Called Strike 0-1: Ball 1-1: Ball 2-1: Ground out 4-3 (Groundball, 34, EV 95.0 MPH)
|
Batting: RHB Rafael Irizarry
|
0-0: SINGLE (Line Drive, 3D, EV 96.2 MPH)
|
Batting: RHB Nate Crofts
|
0-0: Ball 1-0: Ball 2-0: Called Strike 2-1: Called Strike 2-2: Strikes out looking
|
Batting: LHB Ryan Karg
|
0-0: Foul Ball, location: 2F 0-1: Swinging Strike 0-2: Ball 1-2: Strikes out looking
|
Bottom of the 8th over - 0 runs, 1 hit, 0 errors, 1 left on base; Hagerstown 14 - Greensboro 3 |
TOP OF THE 9TH |
Hagerstown Suns batting - Pitching for Greensboro Grasshoppers : RHP Justin Blakely
|
Batting: RHB Bobby Bricker
|
0-0: Foul Ball, location: 2F 0-1: Ball 1-1: Ground out U3 (Groundball, 34, EV 83.8 MPH)
|
Batting: LHB Adam Lancaster
|
0-0: Foul Ball, location: 2F 0-1: Ball 1-1: Ball 2-1: Foul Ball, location: 2F 2-2: Ball 3-2: Foul Ball, location: 2F 3-2: Strikes out swinging
|
Batting: LHB Chris Williams
|
0-0: Foul Ball, location: 2F 0-1: Ball 1-1: Ball 2-1: Called Strike 2-2: Ball 3-2: SINGLE (Groundball, 56S, EV 98.8 MPH)
|
Batting: RHB Deshawn Boseman
|
0-0: Called Strike 0-1: Ball 1-1: Foul Ball, location: 2F 1-2: Foul Ball, location: 2F 1-2: Strikes out swinging
|
Top of the 9th over - 0 runs, 1 hit, 0 errors, 1 left on base; Hagerstown 14 - Greensboro 3 |
BOTTOM OF THE 9TH |
Greensboro Grasshoppers batting - Pitching for Hagerstown Suns : RHP Gary Simmons
|
Batting: RHB Chris Alft
|
0-0: Foul Ball, location: 2F 0-1: Called Strike 0-2: Ball 1-2: Ball 2-2: Foul Ball, location: 2F 2-2: Ball 3-2: Foul Ball, location: 2F 3-2: Strikes out swinging
|
Batting: LHB Angelo Estrella
|
0-0: Ball 1-0: Foul Ball, location: 2F 1-1: Foul Ball, location: 2F 1-2: Strikes out swinging
|
Batting: LHB Jose Cabello
|
0-0: Ball 1-0: Ball 2-0: DOUBLE (Line Drive, 78M, EV 90.6 MPH)
|
Batting: RHB Dennis Coppolino
|
0-0: Called Strike 0-1: Foul Ball, location: 2F 0-2: Ball 1-2: Foul Ball, location: 2F 1-2: Ball 2-2: Strikes out looking
|
Bottom of the 9th over - 0 runs, 1 hit, 0 errors, 1 left on base; Hagerstown 14 - Greensboro 3 |
|